Map: Year Zero LE

Players

Serral

  • Race: Zerg Zerg
  • Spawn Location: 11:00

soO - Winner!

  • Race: Zerg Zerg
  • Spawn Location: 1:00

Event: IEM Season 13: Katowice (2019)

VOD

https://youtu.be/l76xxzkx8GQ?t=1256

Description

Time

  • Played on: March 2, 2019, 11:18 a.m.
  • Length: 27:29

All games in this series

Show
View Real Time Build Order
Export as new Build Order

Serral Zerg 

Build Orders: Hatch First 

Get SALT Encoding   

  12  0:00  Drone  
  13  0:13  Overlord  
  13  0:18  Drone  
  14  0:31  Drone x2  
  16  0:49  Hatchery  
  15  0:53  Drone  
  15  0:56  Drone  
  17  0:59  Drone  
  18  1:10  Extractor  
  17  1:15  Spawning Pool  
  16  1:18  Drone  
  16  1:22  Drone  
  18  1:28  Drone  
  19  1:39  Drone  
  20  1:50  Drone  
  21  2:00  Overlord  
  21  2:01  Queen x2  
  21  2:02  Zergling x2  
  26  2:10  Metabolic Boost  
  26  2:12  Drone  
  26  2:13  Drone  
  28  2:22  Drone x2  
  30  2:37  Hatchery  
  30  2:39  Drone  
  30  2:41  Drone  
  31  2:46  Baneling Nest  
  31  2:49  Drone  
  31  2:53  Overlord  
  31  2:56  Drone  
  32  2:58  Drone  
  32  3:05  Zergling x4  
  35  3:09  Drone  
  35  3:11  Drone  
  35  3:12  Drone x2  
  39  3:17  Zergling x2  
  39  3:19  Overlord  
  40  3:22  Zergling x4  
  42  3:29  Queen  
  42  3:30  Baneling  
  44  3:37  Evolution Chamber  
  44  3:39  Drone x2  
  44  3:40  Drone  
  46  3:44  Overlord, Drone  
  46  3:46  Drone  
  48  3:52  Zergling x2  
  48  3:53  Drone x3  
  51  4:02  Zerg Missile Weapons Level 1  
  51  4:03  Drone x3  
  51  4:08  Zergling x2  
  51  4:09  Baneling  
  55  4:10  Drone x2  
  55  4:13  Drone x2  
  59  4:22  Lair  
  59  4:24  Extractor  
  59  4:25  Extractor, Drone, Roach Warren  
  59  4:27  Drone  
  59  4:29  Drone x2  
  59  4:31  Drone  
  61  4:34  Overlord  
  61  4:35  Zergling x2  
  61  4:36  Drone  
  61  4:37  Drone  
  63  4:39  Drone  
  63  4:41  Drone  
  63  4:45  Overlord  
  65  4:47  Overlord  
  65  4:52  Overlord  
  65  4:53  Pneumatized Carapace  
  65  4:56  Drone x2  
  65  4:58  Extractor x2, Drone x2  
  65  4:59  Drone  
  63  5:02  Zergling x4  
  63  5:05  Zergling x4  
  66  5:08  Drone  
  66  5:11  Drone x2  
  66  5:12  Drone x3  
  72  5:18  Drone x5  
  77  5:25  Drone x3  
  77  5:27  Drone  
  77  5:29  Extractor  
  77  5:30  Overseer  
  76  5:38  Glial Reconstitution  
  76  5:39  Roach x3  
  84  5:43  Roach x2  
  84  5:47  Hatchery  
  84  5:49  Overlord  
  85  5:53  Roach  
  85  5:54  Roach x3  
  93  5:57  Overlord  
  93  5:58  Overlord  
  93  6:00  Roach  
  93  6:02  Roach  
  97  6:05  Overlord  
  97  6:06  Overlord  
  97  6:09  Roach x2  
  101  6:14  Zerg Missile Weapons Level 2  
  101  6:15  Roach x2  
  105  6:19  Roach x2  
  105  6:24  Roach  
  105  6:25  Roach x2  
  112  6:26  Roach  
  112  6:31  Baneling x2  
  114  6:35  Evolution Chamber  
  114  6:36  Drone x2  
  114  6:38  Roach, Overlord  
  114  6:39  Roach x2  
  121  6:44  Overlord  
  121  6:45  Roach x2  
  125  6:51  Roach  
  125  6:52  Roach  
  129  6:57  Overlord  
  129  7:01  Roach x3  
  129  7:02  Ravager x2  
  129  7:03  Ravager  
  129  7:05  Ravager  
  139  7:10  Roach x7  
  139  7:14  Zerg Ground Armor Level 1  
  139  7:15  Overlord  
  153  7:17  Overlord  
  153  7:22  Roach x3  
  159  7:25  Overlord  
  159  7:26  Overlord  
  159  7:32  Queen  
  161  7:37  Overlord  
  161  7:40  Roach x4  
  161  7:42  Ravager  
  161  7:43  Ravager  
  171  7:44  Roach  
  171  7:45  Roach  
  174  7:54  Roach  
  174  7:55  Roach x5  
  174  7:57  Overlord  
  186  8:04  Overlord  
  186  8:08  Roach x3  
  186  8:11  Overlord x2  
  191  8:15  Overlord  
  191  8:24  Infestation Pit  
  191  8:25  Roach x3  
  191  8:26  Overseer  
  196  8:35  Overlord x2  
  196  8:37  Roach x2  
  196  8:38  Overseer  
  198  8:48  Roach x10  
  195  8:54  Roach x4  
  191  8:59  Roach x3  
  181  9:05  Roach x2  
  172  9:12  Drone x2  
  172  9:13  Drone x3  
  172  9:14  Drone  
  172  9:18  Ravager x3  
  172  9:21  Ravager x2  
  172  9:22  Roach  
  179  9:25  Ravager  
  179  9:28  Roach x3  
  186  9:35  Roach x2  
  190  9:45  Roach x4  
  190  9:52  Roach x4  
  198  10:01  Ravager  
  198  10:03  Hive, Drone  
  200  10:10  Overlord  
  195  10:23  Roach x2  
  195  10:24  Ravager  
  200  10:33  Hydralisk Den  
  196  10:38  Roach  
  196  10:39  Roach x9  
  197  10:43  Roach  
  197  10:49  Roach x6  
  197  10:53  Roach  
  185  11:04  Drone x3  
  185  11:09  Ravager  
  185  11:10  Ravager  
  185  11:11  Roach x6  
  200  11:19  Zerg Missile Weapons Level 3  
  192  11:51  Roach x13  
  184  11:56  Ravager  
  184  11:57  Extractor, Ravager  
  184  11:58  Ravager  
  190  12:01  Roach x3  
  182  12:10  Roach x3  
  188  12:33  Muscular Augments  
  188  12:34  Hydralisk x3  
  188  12:39  Ravager, Hatchery  
  189  12:48  Hydralisk x5  
  194  13:07  Viper  
  194  13:09  Hatchery  
  194  13:11  Spore Crawler  
  195  13:14  Spore Crawler  
  195  13:15  Spore Crawler  
  195  13:17  Hydralisk x2  
  197  13:22  Overlord  
  197  13:30  Hydralisk x2, Ravager  
  200  13:44  Grooved Spines  
  198  13:59  Hydralisk x7  
  180  14:03  Roach  
  137  14:13  Hydralisk x3  
  123  14:25  Spore Crawler  
  123  14:27  Hydralisk  
  123  14:28  Hydralisk x2  
  123  14:39  Hydralisk  
  123  14:44  Roach x4  
  126  14:46  Ravager x2  
  126  14:47  Ravager  
  129  14:54  Roach x2  
  129  14:58  Ravager  
  138  15:00  Roach x2  
  138  15:07  Roach x3  
  138  15:13  Viper  
  147  15:15  Roach x2  
  151  15:24  Roach x3  
  155  15:30  Roach x3  
  161  15:37  Roach x3  
  167  15:45  Roach  
  167  15:46  Roach x2  
  173  15:57  Roach x4  
  173  15:59  Overlord  
  181  16:07  Hydralisk x2  
  183  16:20  Roach x4  
  191  16:26  Overlord x2  
  185  16:35  Overlord  
  185  16:37  Overseer  
  183  16:47  Roach x9  
  199  17:08  Roach x2  
  185  17:21  Roach x10  
  187  17:27  Roach x3  
  193  17:36  Roach x3  
  199  17:42  Roach  
  188  17:52  Roach x5  
  198  18:01  Roach  
  198  18:19  Roach x3  
  198  18:22  Roach x2  
  192  18:28  Roach x2  
  192  18:29  Roach  
  192  18:30  Roach  
  184  18:43  Roach x6  
  184  18:48  Roach x2  
  174  18:50  Roach  
  172  19:15  Ravager x3  
  172  19:16  Roach x6  
  187  19:26  Roach x4  
  195  19:32  Roach x2  
  184  19:48  Roach x6  
  169  19:54  Roach  
  165  20:03  Roach x3  
  157  20:12  Roach x2  
  123  20:16  Roach  
  95  20:22  Roach x2  
  95  20:27  Roach  
  91  20:29  Roach x2  
  95  20:37  Roach x2  
  95  20:42  Ravager  
  100  20:43  Ravager x2  
  100  20:46  Ravager  
  102  21:04  Hydralisk  
  102  21:07  Roach  
  106  21:14  Roach  
  108  21:21  Extractor x2, Hatchery  
  108  21:22  Drone x2  
  108  21:23  Drone  
  108  21:26  Drone  
  108  21:32  Roach  
  111  21:38  Roach  
  113  21:44  Roach  
  115  21:52  Roach x2  
  119  21:57  Roach  
  121  22:02  Roach  
  121  22:07  Roach  
  125  22:15  Roach  
  125  22:19  Ravager  
  125  22:20  Roach  
  124  22:24  Roach  
  124  22:32  Roach  
  122  22:37  Roach  
  122  22:43  Roach  
  128  22:51  Roach x2  
  128  22:56  Roach  
  129  23:01  Roach  
  131  23:13  Roach x2  
  135  23:20  Roach  
  139  23:27  Roach  
  139  23:41  Roach x2  
  145  23:48  Ravager x2  
  145  23:49  Roach  
  143  24:07  Roach x3  
  149  24:16  Ravager x2  
  151  24:29  Roach  
  153  24:32  Roach  
  155  24:42  Roach  
  157  24:48  Hydralisk  
  157  24:55  Hydralisk  
  137  25:12  Roach x2  
  113  25:18  Roach  
  107  25:25  Roach  
  98  25:37  Ravager  
  92  26:14  Roach  
  35  26:37  Roach  
Show
View Real Time Build Order
Export as new Build Order

soO Zerg - Winner!

Build Orders: Hatch First 

Get SALT Encoding   

  12  0:00  Drone  
  13  0:12  Overlord  
  13  0:17  Drone  
  14  0:31  Drone x2  
  14  0:34  Drone  
  17  0:52  Hatchery  
  17  0:55  Drone  
  17  0:58  Drone  
  18  1:09  Extractor  
  17  1:13  Spawning Pool  
  17  1:16  Drone  
  17  1:19  Drone  
  18  1:28  Drone  
  19  1:39  Overlord  
  19  1:50  Drone  
  20  1:59  Queen  
  20  2:00  Drone  
  23  2:03  Queen  
  23  2:04  Drone  
  26  2:09  Metabolic Boost  
  26  2:11  Drone  
  26  2:14  Drone  
  28  2:22  Zergling x2  
  29  2:25  Drone  
  30  2:36  Hatchery  
  29  2:38  Zergling x2  
  29  2:43  Drone  
  31  2:48  Baneling Nest  
  31  2:51  Drone  
  31  2:53  Drone  
  31  2:57  Overlord  
  32  3:05  Drone x2  
  34  3:08  Drone x2  
  36  3:14  Queen  
  36  3:16  Zergling x2  
  36  3:18  Zergling x2  
  40  3:20  Zergling x2  
  41  3:28  Overlord  
  41  3:30  Drone x2  
  44  3:34  Drone  
  44  3:42  Overlord  
  44  3:45  Overlord  
  44  3:48  Drone x2  
  44  3:49  Drone  
  44  3:51  Drone x3  
  50  4:00  Zergling x2  
  50  4:01  Drone  
  52  4:03  Baneling  
  52  4:04  Evolution Chamber  
  52  4:05  Baneling  
  52  4:09  Drone x2  
  53  4:10  Extractor, Drone  
  53  4:15  Drone, Roach Warren  
  53  4:16  Drone x2  
  55  4:18  Drone  
  55  4:20  Drone  
  55  4:21  Drone  
  55  4:22  Drone  
  59  4:25  Extractor, Drone  
  59  4:28  Drone x2  
  61  4:32  Lair  
  61  4:35  Zerg Missile Weapons Level 1  
  62  4:38  Drone  
  62  4:40  Drone  
  62  4:41  Drone  
  62  4:42  Drone  
  62  4:43  Drone  
  62  4:45  Drone  
  67  4:47  Drone  
  68  4:53  Drone x2  
  68  4:55  Overlord  
  68  4:56  Drone x2  
  71  5:00  Baneling  
  71  5:01  Baneling  
  71  5:03  Roach, Overlord  
  71  5:05  Drone  
  74  5:07  Extractor  
  74  5:08  Overlord  
  74  5:09  Overlord, Drone  
  74  5:11  Extractor  
  73  5:14  Roach x2  
  73  5:16  Drone x2  
  79  5:24  Roach x3  
  83  5:28  Roach x3  
  83  5:31  Glial Reconstitution  
  83  5:33  Roach x2  
  83  5:35  Roach x2  
  95  5:40  Overlord, Drone  
  96  5:42  Overseer  
  96  5:44  Overseer  
  96  5:46  Roach x2  
  96  5:47  Roach  
  96  5:48  Roach  
  104  5:58  Overlord  
  104  6:00  Baneling x2  
  104  6:03  Overlord  
  104  6:05  Roach x4  
  112  6:13  Overlord  
  112  6:14  Overlord  
  112  6:17  Drone  
  112  6:18  Roach x2  
  117  6:21  Roach x2  
  117  6:22  Roach  
  124  6:25  Roach  
  124  6:26  Roach  
  124  6:27  Hatchery  
  124  6:31  Extractor  
  124  6:33  Roach x2  
  124  6:37  Roach x2  
  132  6:42  Overlord, Drone x2  
  134  6:48  Roach x3  
  134  6:49  Roach  
  134  6:53  Zerg Missile Weapons Level 2  
  142  6:55  Overlord x2  
  142  7:01  Overlord  
  142  7:02  Ravager x2  
  142  7:03  Ravager x2  
  142  7:04  Roach x3  
  142  7:05  Overseer, Overlord  
  152  7:11  Overlord  
  152  7:12  Overlord  
  152  7:17  Roach x4  
  152  7:22  Overlord  
  160  7:24  Roach x3  
  160  7:28  Overlord  
  166  7:31  Roach x3  
  172  7:39  Roach x3  
  172  7:43  Roach x2  
  182  7:49  Roach x2  
  186  7:58  Ravager x3  
  189  8:06  Roach x5  
  199  8:45  Roach x4  
  199  8:47  Roach x4  
  195  8:49  Roach x3  
  195  8:51  Roach  
  195  8:52  Roach x4  
  195  8:53  Roach x6  
  197  8:57  Roach  
  195  9:05  Roach x5  
  195  9:09  Roach x2  
  197  9:10  Roach x2  
  197  9:11  Ravager x2  
  197  9:16  Roach  
  197  9:17  Roach x3  
  195  9:23  Roach x4  
  199  9:43  Roach x4  
  193  9:48  Roach x3  
  197  10:03  Roach  
  199  10:09  Spire  
  198  10:18  Extractor  
  198  10:20  Extractor  
  194  10:22  Roach x2  
  194  10:23  Drone  
  199  10:32  Roach  
  199  10:34  Roach  
  182  10:43  Roach x9  
  182  10:48  Roach x5  
  194  10:53  Roach x7  
  186  10:59  Roach x4  
  193  11:06  Ravager x2  
  193  11:07  Ravager x2  
  193  11:08  Roach  
  199  11:23  Overlord  
  199  11:26  Spine Crawler x2  
  199  11:28  Queen, Spine Crawler  
  190  11:48  Roach x2  
  190  11:50  Roach x2  
  190  11:52  Roach  
  183  11:54  Roach  
  183  11:56  Queen, Roach x3  
  176  12:11  Roach x4  
  176  12:12  Roach x7  
  192  12:27  Mutalisk x4  
  190  12:31  Mutalisk  
  192  12:37  Mutalisk x3  
  192  12:42  Zerg Flyer Weapons Level 1  
  192  12:43  Zerg Ground Armor Level 1  
  198  12:49  Mutalisk  
  196  13:08  Mutalisk  
  194  13:27  Hatchery  
  194  13:28  Ravager  
  194  13:29  Ravager x3  
  194  13:31  Roach  
  195  14:00  Roach x11  
  195  14:02  Roach x2  
  187  14:03  Roach x8  
  187  14:05  Hatchery  
  187  14:06  Roach  
  187  14:08  Roach  
  141  14:11  Roach  
  141  14:12  Roach  
  131  14:17  Roach  
  131  14:19  Roach  
  131  14:22  Roach x2  
  131  14:23  Roach  
  131  14:24  Roach x2  
  129  14:26  Ravager x4  
  129  14:27  Roach x3  
  129  14:29  Roach x2  
  129  14:30  Ravager x3  
  149  14:34  Roach x2  
  153  14:41  Roach  
  153  14:45  Roach x4  
  163  14:58  Roach x9  
  181  15:04  Roach x3  
  187  15:17  Roach x6  
  199  15:49  Ravager  
  196  15:58  Roach x2  
  196  16:02  Hatchery  
  199  16:09  Ravager  
  183  16:36  Roach  
  183  16:37  Roach x7  
  189  16:48  Roach x5  
  197  16:54  Roach Warren  
  173  17:28  Drone x2  
  175  17:36  Ravager x2  
  177  17:37  Roach x11  
  177  17:38  Zerg Ground Armor Level 2  
  177  17:42  Roach, Ravager  
  184  17:52  Roach  
  184  17:53  Roach x7  
  184  17:58  Overseer  
  200  18:09  Overseer  
  200  18:20  Roach x3  
  198  18:31  Roach  
  200  18:38  Roach x2  
  200  18:40  Roach x2  
  181  18:42  Roach  
  181  18:43  Roach x2  
  181  18:46  Roach x3  
  145  18:49  Roach x20  
  145  18:53  Roach  
  179  18:56  Ravager x2  
  179  18:57  Ravager x2  
  179  18:58  Ravager  
  179  18:59  Ravager  
  179  19:00  Ravager  
  179  19:02  Roach x5  
  196  19:10  Overlord  
  196  19:27  Overlord  
  196  19:38  Roach x2  
  186  19:50  Roach x4  
  186  19:51  Roach x3  
  186  19:52  Roach x4  
  173  19:55  Roach x10  
  189  20:02  Roach  
  189  20:06  Roach x2  
  170  20:09  Roach  
  170  20:12  Roach  
  170  20:14  Roach  
  130  20:16  Roach  
  130  20:18  Roach  
  100  20:24  Roach  
  100  20:27  Roach  
  80  20:38  Ravager x2  
  80  20:39  Ravager  
  80  20:40  Ravager x2  
  80  20:41  Roach x2  
  87  20:47  Ravager x4  
  87  20:48  Roach  
  93  20:56  Roach x2  
  97  21:00  Roach  
  97  21:02  Roach  
  101  21:08  Roach x2  
  105  21:15  Roach  
  107  21:22  Roach x2  
  111  21:28  Roach x2  
  115  21:33  Ravager x2  
  115  21:34  Roach  
  115  21:36  Roach  
  121  21:42  Roach  
  121  21:43  Roach  
  125  21:47  Roach  
  125  21:52  Roach x2  
  131  21:56  Roach  
  133  22:02  Roach x2  
  133  22:20  Roach x4  
  125  22:37  Roach x2  
  129  22:49  Roach x2  
  133  22:51  Hatchery  
  130  22:59  Roach x2  
  134  23:06  Roach  
  136  23:14  Roach x2  
  138  23:23  Roach x2  
  137  23:34  Roach x2  
  141  23:39  Roach  
  137  23:49  Roach x2  
  141  24:02  Roach  
  137  24:08  Drone  
  138  24:13  Roach  
  140  24:17  Roach  
  140  24:19  Drone  
  140  24:20  Drone  
  144  24:27  Roach  
  146  24:32  Extractor  
  145  24:48  Roach x2  
  127  25:03  Roach  
  115  25:13  Roach  
  91  25:19  Roach  
  91  25:23  Roach  
  95  25:35  Roach  
  89  26:13  Hatchery  
  88  26:22  Roach  
  37  26:39  Drone x3  

Tags
 
Add a new tag
Caveats
  • Supply blocks, unpowered buildings, or Contaminate may cause inaccurate times.
  • Supply counts are checked every 10 seconds.